 Dungeon Crawl Stone Soup version 0.18.1-48-g4cf74bf (webtiles) character file.

133 Gottschkopf the Ruffian (level 4, -1/52 HPs)
             Began as a Draconian Transmuter on Aug 9, 2016.
             Slain by Drashi's ghost (5 damage)
             ... on level 3 of the Dungeon.
             The game lasted 00:08:46 (3733 turns).

Gottschkopf the Ruffian (Draconian Transmuter)      Turns: 3733, Time: 00:08:47

Health: -1/52      AC:  6    Str: 18    XL:     4   Next: 94%
Magic:  1/7        EV: 12    Int: 14    God:
Gold:   92         SH:  0    Dex: 11    Spells: 3 memorised, 1 level left

rFire  . . .     SeeInvis .       - Unarmed
rCold  . . .     Gourm    .     (armour unavailable)
rNeg   . . .     Faith    .     (no shield)
rPois  .         Spirit   .     (helmet restricted)
rElec  .         Dismiss  .     (no cloak)
rCorr  .         Reflect  .     d - +0 pair of gloves
SustAt .         Harm     .     (boots currently unavailable)
MR     .....                    (no amulet)
Stlth  ..........               (no ring)
                                (no ring)

@: berserking, appendage (expiring), flying, very quick, not resistant to
hostile enchantments, extremely unstealthy
A: unfitting armour, talons 3, cold-blooded, AC +5
a: End Transformation


You were on level 3 of the Dungeon.
You were not hungry.
You had grown temporary talons.
You visited 1 branch of the dungeon, and saw 3 of its levels.

You collected 92 gold pieces.

Inventory:

Missiles
 a - 46 arrows
Armour
 d - a +0 pair of gloves (worn)
Wands
 h - a wand of confusion (13/48)
 m - a wand of slowing (23/48)
 r - a wand of flame (28/48)
Scrolls
 e - a scroll of remove curse {unknown}
 g - a scroll of magic mapping {unknown}
 k - a scroll of fog {unknown}
 n - a scroll of random uselessness {unknown}
 q - 2 scrolls of enchant weapon {unknown}
 t - 3 scrolls of immolation {unknown}
Potions
 i - 2 potions of flight
 j - 2 potions of berserk rage
 l - a potion of curing {unknown}
 o - 2 potions of magic {unknown}
 p - 2 potions of brilliance {unknown}
 s - a potion of invisibility
Books
 b - a book of Changes

   Spells                             Type                      Level
   a - Beastly Appendage              Transmutation                1
   b - Sticks to Snakes               Transmutation                2
   c - Spider Form                    Transmutation/Poison         3
   d - Ice Form                       Ice/Transmutation            4
   e - Blade Hands                    Transmutation                5
Comestibles
 c - 4 bread rations
 f - 4 meat rations


   Skills:
 - Level 1.1 Fighting
 - Level 1.7 Dodging
 - Level 4.2 Unarmed Combat
 - Level 2.0 Spellcasting
 + Level 2.7 Transmutations
 - Level 3.0 Poison Magic


You had one spell level left.
You knew the following spells:

 Your Spells              Type           Power        Failure   Level  Hunger
a - Beastly Appendage     Trmt           #.....       10%         1    ##.....
b - Sticks to Snakes      Trmt           #.......     14%         2    ###....
c - Spider Form           Trmt/Pois      #.........   24%         3    ####...


Dungeon Overview and Level Annotations

Branches:
Dungeon (3/15)

Altars:
Ashenzari
Fedhas
Trog
Xom

Annotations:
D:3 Drashi's ghost, amateur NaFi


Innate Abilities, Weirdness & Mutations

Your plain brown scales are hard (AC +5).
Your body does not fit into most forms of armour.
You are cold-blooded and may be slowed by cold attacks.
You have claws for feet.


Message History

Your adder bites Drashi's ghost but does no damage.
Your ball python bites Drashi's ghost but does no damage.
Drashi's ghost closely misses you.
Drink which item? (? for menu, Esc to quit)
It was a potion of flight.
You feel very buoyant.
You fly up into the air.
Your adder bites Drashi's ghost.
Your ball python bites Drashi's ghost but does no damage.
Drashi's ghost screams, "I have seen your future, and it is all used up."
Drashi's ghost hits you.
* * * LOW HITPOINT WARNING * * *
Your adder bites Drashi's ghost.
Drink which item? (? for menu, Esc to quit)
It was a potion of berserk rage.
A red film seems to cover your vision as you go berserk!
You feel yourself moving faster!
You feel mighty!
Your ball python bites Drashi's ghost but does no damage.
Your adder barely misses Drashi's ghost.
Drashi's ghost hits you.
You die...

########## #..>.....###
#.######...#############
#†######.#.............#
##.##.......#####.#####.
.#.##.###.### ##.†.##
.#.##.# #.# #.....#
.#.##.###.# ##@SS##
.#........# ##W##
.####.##### #l# .# #.#
#.# .# #.## #'# .# #..#
#...# ## ##.## #.....# #
#..## #.......#
######...####.........#


You could see Drashi's ghost, a giant newt, a friendly adder and a friendly ball
python.

Vanquished Creatures
  2 adders (D:2)
  3 gnolls (D:2)
  4 worms
  A giant gecko (D:1)
  6 orcs
  2 giant cockroaches
  10 goblins
  12 hobgoblins
  8 kobolds
  5 bats
  3 giant newts
  8 rats
64 creatures vanquished.

Notes
Turn   | Place    | Note
--------------------------------------------------------------
     0 | D:1      | Gottschkopf the Draconian Transmuter began the quest for the Orb.
     0 | D:1      | Reached XP level 1. HP: 16/16 MP: 3/3
   617 | D:1      | Reached XP level 2. HP: 19/23 MP: 5/5
  1017 | D:1      | Reached skill level 4 in Unarmed Combat
  1021 | D:1      | Learned a level 2 spell: Sticks to Snakes
  1332 | D:1      | Reached XP level 3. HP: 27/28 MP: 3/6
  1340 | D:1      | Learned a level 3 spell: Spider Form
  1718 | D:2      | Reached skill level 1 in Poison Magic
  1825 | D:2      | Paralysed by an orc for 4 turns
  1835 | D:2      | Found a blossoming altar of Fedhas.
  2353 | D:2      | Reached XP level 4. HP: 35/35 MP: 5/7
  2476 | D:2      | Found a bloodstained altar of Trog.
  2655 | D:2      | Found a shimmering altar of Xom.
  3507 | D:3      | Found a shattered altar of Ashenzari.
  3710 | D:3      | Noticed Drashi's ghost (amateur NaFi)
  3733 | D:3      | Slain by Drashi's ghost

Skill      XL: |  1  2  3  4 |
---------------+-------------+-----
Unarmed Combat | 4 |  4.2
Poison Magic   | 2 3 |  3.0
Fighting       | |  1.1
Dodging        | |  1.7
Spellcasting   | |  2.0
Transmutations | |  2.7

Action                   |  1- 3 |  4- 6 || total
-------------------------+-------+-------++-------
Melee: Unarmed           |   122 |    92 ||   214
       Tailslap          |    20 |     6 ||    26
       Headbutt          |    16 |     6 ||    22
       Kick              |     2 |     8 ||    10
       Punch             |     1 |     4 ||     5
 Cast: Beastly Appendage |    30 |    19 ||    49
       Sticks to Snakes  |       |     3 ||     3
  Use: Potion            |       |     2 ||     2
  Eat: Chunk             |     5 |     5 ||    10
Armor: Skin              |    49 |    30 ||    79
Dodge: Dodged            |   100 |    53 ||   153
